 Dungeon Crawl Stone Soup version 0.28.0-47-ge53b351184 (webtiles) character file.

Game seed: 14021326105711279425

39 NinjaNoafa the Chopper (level 3, -2/33 HPs)
             Began as a Hill Orc Monk on May 4, 2022.
             Slain by a gnoll
             ... wielding a +0 halberd
              (4 damage)
             ... on level 2 of the Dungeon.
             The game lasted 00:04:04 (1317 turns).

NinjaNoafa the Chopper (Hill Orc Monk)              Turns: 1317, Time: 00:04:05

Health: -2/33      AC:  6    Str: 13 (15) XL:     3   Next: 45%
Magic:  7/12       EV:  9    Int:  9 (10) God:
Gold:   52         SH:  0    Dex: 12 (13) Spells: 2/2 levels left

rFire   . . .      SeeInvis .   a - +0 hand axe
rCold   . . .      Faith    .   (no shield)
rNeg    . . .      Spirit   .   d - +0 scale mail
rPois   .          Reflect  .   (no helmet)
rElec   .          Harm     .   (no cloak)
rCorr   .          Rampage  .   (no gloves)
Will    .....                   (no boots)
Stlth   ..........              (no amulet)
HPRegen 0.11/turn               g - ring of magical power
MPRegen 0.13/turn               (no ring)

@: brilliant
A: no striking features
a: no special abilities


You were on level 2 of the Dungeon.
You visited 1 branch of the dungeon, and saw 2 of its levels.

You collected 52 gold pieces.

Inventory:

Hand Weapons
 a - a +0 hand axe (weapon)
Armour
 d - a +0 scale mail (worn)
Jewellery
 g - a ring of magical power (left hand)


   Skills:
 + Level 4.1 Fighting
 + Level 4.5 Axes
 * Level 2.2 Armour
 - Level 2.4 Dodging
 - Level 1.5 Stealth


You had 2 spell levels left.
You didn't know any spells.
Your spell library was empty.

Dungeon Overview and Level Annotations

Branches:
Dungeon (2/15)

Altars:
Xom


Message History

The gnoll closely misses you. The gnoll barely misses you.
You hit the gnoll.
The gnoll is moderately wounded.
The gnoll hits you from afar with a +0 spear.
The gnoll hits you with a +0 halberd! The gnoll barely misses you.
You hit the gnoll but do no damage.
The gnoll is moderately wounded.
The gnoll barely misses you. x2
You hit the gnoll but do no damage.
The gnoll is moderately wounded.
The gnoll barely misses you.
The gnoll hits you from afar with a +0 spear.
You closely miss the gnoll.
The gnoll is moderately wounded.
The gnoll misses you. The gnoll hits you but does no damage.
You barely miss the gnoll.
The gnoll is moderately wounded.
The gnoll barely misses you.
The gnoll hits you from afar with a +0 spear.
The gnoll misses you.
It was a potion of brilliance.
You feel clever all of a sudden.
The gnoll hits you from afar with a +0 halberd!
It was a potion of degeneration.
There was something very wrong with that liquid.
You feel weakened.
You feel dopey.
You feel clumsy. The gnoll closely misses you.
Unknown command.
As you read the scroll labelled FAREPNO JOYLYA, it crumbles to dust.
Your body is wracked with pain!
* * * LOW HITPOINT WARNING * * *
The gnoll convulses! x3; The adder convulses!
It was a scroll of torment.
The gnoll closely misses you.
As you read the scroll labelled HAEMUA GAOZOMN, it crumbles to dust.
It is a scroll of identify.
You don't have any unidentified items.
The gnoll hits you from afar with a +0 halberd.
* * * LOW HITPOINT WARNING * * *
The gnoll hits you from afar with a +0 halberd.
You die...

########
#..g.g>#
#@####.#
#.#<.#.#
###.#.##.#
#...#.##g#
#.†.#.##.#
####...#.##g#
....
#......#.##S#
#####....
#.......[.#.#
#.......^
#.........#.#
.......


You could see 2 gnolls.

Vanquished Creatures
  A gnoll (D:1)
  2 dart slugs (D:1)
  3 bats
  3 endoplasms (D:1)
  4 goblins (D:1)
  2 hobgoblins (D:1)
  2 quokkas (D:1)
  A ball python (D:1)
  2 frilled lizards (D:1)
  A kobold (D:1)
  3 rats (D:1)
24 creatures vanquished.

Notes
Turn   | Place    | Note
-------+----------+-------------------------------------------
     0 | D:1      | NinjaNoafa the Hill Orc Monk began the quest for the Orb.
     0 | D:1      | Reached XP level 1. HP: 19/19 MP: 1/1
   122 | D:1      | Reached skill level 1 in Armour
   122 | D:1      | Reached XP level 2. HP: 16/27 MP: 2/2
   659 | D:1      | Reached XP level 3. HP: 29/33 MP: 3/3
  1216 | D:2      | Found a shimmering altar of Xom.
  1306 | D:2      | HP: 1/33 [gnoll/+0 halberd (6)]
  1317 | D:2      | Slain by a gnoll

Illustrated notes

Levels and vault maps discovered:
D:1:      beargit_arrival_diablo_church, layout_basic, st_stairs_7
D:2:      layout_basic, basic_altar, hellmonk_ecumenical_altar_run_dry,
          uniq_jessica

Skill      XL: |  1  2  3 |
---------------+----------+-----
Armour         | 1 2 |  2.2
Fighting       | 4 |  4.1
Axes           | |  4.5
Dodging        | |  2.4
Stealth        | |  1.5

Action                   || total
-------------------------++-------
Melee: Hand axe          ||    84
       Punch             ||     1
  Use: Scroll            ||     2
       Potion            ||     2
 Stab: Sleeping          ||     1
Armor: Robe              ||     3
       Scale mail        ||    29
Dodge: Dodged            ||    54
